 Dungeon Crawl Stone Soup version 0.23-a0-625-g1d2cd9b (webtiles) character file.

54 Leeroy the Slasher (level 3, -1/29 HPs)
             Began as a Barachi Skald on Dec 25, 2018.
             Was an Initiate of Vehumet.
             Killed by divine providence
             ... invoked by an orc priest
              (12 damage)
             ... on level 3 of the Dungeon.
             The game lasted 00:05:14 (1656 turns).

Leeroy the Slasher (Barachi Skald)                  Turns: 1656, Time: 00:05:14

Health: -1/29      AC:  4    Str: 12    XL:     3   Next: 91%
Magic:  6/6        EV: 17    Int: 14    God:    Vehumet [......]
Gold:   37         SH:  0    Dex: 16    Spells: 0/6 levels left

rFire    . . .     SeeInvis .   a - +1 falchion
rCold    . . .     Gourm    .   (no shield)
rNeg     . . .     Faith    .   b - +0 leather armour
rPois    .         Spirit   .   (no helmet)
rElec    .         Reflect  .   (no cloak)
rCorr    .         Harm     .   q - +0 pair of gloves
MR       .....                  (no boots)
Stlth    ++........             (no amulet)
HPRegen  0.09/turn              (no ring)
MPRegen  0.10/turn              (no ring)

@: agile, slow
A: +LOS, swims, slowness 1, strong legs 1
a: Hop, Renounce Religion


You were on level 3 of the Dungeon.
You worshipped Vehumet.
Vehumet was noncommittal.
You were not hungry.

You visited 1 branch of the dungeon, and saw 3 of its levels.

You collected 37 gold pieces.

Inventory:

Hand Weapons
 a - a +1 falchion (weapon)
 f - a +4 short sword
 k - a +0 short sword
Missiles
 e - 33 sling bullets
 i - 13 poisoned needles
 j - 107 stones (quivered)
 v - 9 bolts
Armour
 b - a +0 leather armour (worn)
 c - a +0 buckler
 m - a +0 scale mail
 q - a +0 pair of gloves (worn)
Jewellery
 u - an uncursed amulet of guardian spirit {unknown}
Scrolls
 h - a scroll of enchant weapon
 n - a scroll of immolation
 o - a scroll of identify {unknown}
Potions
 l - a potion of ambrosia {unknown}
 p - a potion of heal wounds {unknown}
 s - a potion of haste {unknown}
 t - a potion of resistance {unknown}
Comestibles
 d - 3 rations
 r - 5 chunks of flesh


   Skills:
 + Level 3.0 Fighting
 * Level 4.0 Long Blades
 - Level 1.2 Armour
 - Level 2.1 Dodging
 * Level 1.6 Shields
 - Level 2.1 Spellcasting
 * Level 3.3 Charms


You couldn't memorise any spells.
You knew the following spells:

 Your Spells              Type           Power        Failure   Level  Hunger
a - Infusion              Chrm           ##..         8%          1    #......
b - Regeneration          Chrm/Necr      #.........   41%         3    ###....
c - Shroud of Golubria    Chrm/Tloc      #.........   22%         2    ###....

Your spell library contained the following spells:

 Spells                   Type           Power        Failure   Level  Hunger
 Song of Slaying          Chrm           ##......     12%         2    ###....
 Spectral Weapon          Hex/Chrm       #.......     41%         3    ###....


Dungeon Overview and Level Annotations

Branches:
Dungeon (3/15)

Altars:
Vehumet


Innate Abilities, Weirdness & Mutations

Shadows flee at your approach. (+LOS)
You can swim through water.
You cover ground slowly.
You can hop short distances.


Message History

You closely miss the orc priest.
The orc hits you with a +0 flail of protection.
The orc priest misses you.
Unknown command.
Okay, then.
Okay, then.
It was a potion of agility.
You feel agile all of a sudden.
Your magical infusion is running out.
You are agile.
Expiring: Your attacks are magically infused.
Your movement speed is slow.
Your attack speed is below average.
Your base attributes are Str 12, Int 14, Dex 11.
You are no longer magically infusing your attacks.
Casting: Infusion (safe; 8% risk of failure)
Confirm with . or Enter, or press ? or * to list all spells.
Okay, then.
The orc priest invokes the aid of Beogh against you.
Beogh smites you!
You die...

#. #.#...#.#
#.....#.#
##......#
#.##.###
##.....#
#.#..#
#.......
#.#.##
#....... #.#.#
#....... #.#.#
#..[.... #.#@#
#.......###
#.# #.....>...
#o#
........o####
#.# #......oo#
#o# #.....##o#
#.# #.....##.#
#o#
#.....##.###.#
+.....##.....#


You could see an orc priest and 2 orcs.

Vanquished Creatures
  2 adders (D:2)
  A worm (D:2)
  A leopard gecko (D:2)
  2 giant cockroaches (D:1)
  A goblin (D:2)
  3 hobgoblins
  10 kobolds
  A quokka (D:2)
  6 frilled lizards
  8 rats
35 creatures vanquished.

Notes
Turn   | Place    | Note
-------+----------+-------------------------------------------
     0 | D:1      | Leeroy the Barachi Skald began the quest for the Orb.
     0 | D:1      | Reached XP level 1. HP: 17/17 MP: 3/3
   571 | D:1      | Reached skill level 3 in Long Blades
   571 | D:1      | Reached XP level 2. HP: 16/23 MP: 5/5
   835 | D:1      | Reached skill level 1 in Shields
  1091 | D:2      | Found a radiant altar of Vehumet.
  1098 | D:2      | Became a worshipper of Vehumet
  1114 | D:2      | Reached XP level 3. HP: 14/28 MP: 6/6
  1136 | D:2      | Learned a level 3 spell: Regeneration
  1185 | D:2      | Learned a level 2 spell: Shroud of Golubria
  1381 | D:2      | Reached skill level 4 in Long Blades
  1656 | D:3      | Killed from afar by an orc priest

Vault maps used:
D:1:      wheals_arrival_linesprint
D:2:      vehumet_crystals
D:3:      marbit_many_paths, chequers_temple_overflow_statue_of_worship,
          lemuel_round_altar, first_ration

Skill      XL: |  1  2  3 |
---------------+----------+-----
Long Blades    | 3 4 |  4.0
Shields        | 1 |  1.6
Fighting       | 3 |  3.0
Armour         | |  1.2
Dodging        | |  2.1
Spellcasting   | |  2.1
Charms         | |  3.3

Action                   || total
-------------------------++-------
Melee: Falchion          ||    99
Throw: Stone             ||     5
 Cast: Infusion          ||     4
       Regeneration      ||     1
  Use: Scroll            ||     5
       Potion            ||     1
  Eat: Chunk             ||     4
Armor: Leather armour    ||    26
Dodge: Dodged            ||    48
Block: Buckler           ||    11
       Rpst.: Falchion   ||    14

Table legend:
 A = Non-vault XP
 B = Vault XP
 C = Vault XP percentage of total XP
 D = Non-vault monster count
 E = Vault monster count
 F = Vault count percentage of total count
                 A         B        C        D         E       F
            +---------+---------+-------+---------+---------+-------
      Total |      78 |       0 |   0.0 |      35 |       0 |   0.0
            +---------+---------+-------+---------+---------+-------
        D:1 |      22 |       0 |   0.0 |      15 |       0 |   0.0
        D:2 |      50 |       0 |   0.0 |      16 |       0 |   0.0
        D:3 |       6 |       0 |   0.0 |       4 |       0 |   0.0
            +---------+---------+-------+---------+---------+-------
